 Dungeon Crawl Stone Soup version 0.28-b1-25-g9875b3fc8c (webtiles) character file.

Game seed: 17544075562634712118

5649 comborobin the Brawler (level 10, -2/88 HPs)
             Began as a Troll Cinder Acolyte on Feb 2, 2022.
             Was a High Priest of Ignis.
             Slain by a skeletal warrior (9 damage)
             ... led by a skeletal warrior
             ... on level 9 of the Dungeon.
             The game lasted 00:07:40 (5040 turns).

comborobin the Brawler (Troll Cinder Acolyte)       Turns: 5040, Time: 00:07:40

Health: -2/88      AC:  7    Str: 24      XL:     10   Next: 46%
Magic:  10/10      EV:  9    Int:  7 (10) God:    Ignis [*****.]
Gold:   257        SH:  0    Dex:  9      Spells: 11/11 levels left

rFire   + + .      SeeInvis .     - Unarmed
rCold   . . .      Faith    .   (no shield)
rNeg    . . .      Spirit   .   y - +2 robe {rF+}
rPois   .          Reflect  .   (helmet restricted)
rElec   .          Harm     .   g - +0 cloak
rCorr   .          Rampage  .   (gloves unavailable)
Will    .....                   (boots unavailable)
Stlth   +.........              (no amulet)
HPRegen 1.04/turn               (no ring)
MPRegen 0.12/turn               (no ring)

@: no status effects
A: large, unfitting armour, claws 3, regeneration 1, shaggy fur 1, tough skin 1
a: Renounce Religion, Fiery Armour, Foxfire Swarm, Rising Flame


You were on level 9 of the Dungeon.
You worshipped Ignis.
Ignis was extremely pleased with you.
You visited 1 branch of the dungeon, and saw 10 of its levels.

You collected 257 gold pieces.

Inventory:

Hand Weapons
 a - a -1 falchion of flaming
Missiles
 n - a curare-tipped dart
 t - 7 atropa-tipped darts (quivered)
 v - 6 poisoned darts
Armour
 b - a +0 robe
 g - a +0 cloak (worn)
 i - a scarf of harm
 o - a +0 robe of willpower
 y - a +2 robe of fire resistance (worn)
Wands
 p - a wand of polymorph (8)
 r - a wand of iceblast (12)
 w - a wand of flame (10)
Scrolls
 c - a scroll of amnesia {unknown}
 d - 3 scrolls of teleportation
 e - a scroll of blinking {unknown}
 f - 5 scrolls of identify {unknown}
 j - a scroll of enchant weapon {unknown}
 k - a scroll of silence {unknown}
 l - a scroll of noise {unknown}
 m - a scroll of immolation {unknown}
 q - a scroll of magic mapping {unknown}
 s - a scroll of fear {unknown}
Potions
 h - 2 potions of might {unknown}
 x - a potion of degeneration
 z - a potion of haste {unknown}


   Skills:
 - Level 2.4 Fighting
 - Level 2.4 Long Blades
 + Level 15.4 Unarmed Combat
 - Level 1.0 Spellcasting
 - Level 2.1 Fire Magic


You had 11 spell levels left.
You didn't know any spells.
Your spell library contained the following spells:

 Spells                   Type           Power      Damage    Failure   Level
 Scorch                   Fire           6%         2d5       26%         2
 Sandblast                Erth           0%         2d4       38%         1
 Passwall                 Tmut/Erth      0%         N/A       54%         2
 Portal Projectile        Hex/Tloc       0%         N/A       77%         3
 Stone Arrow              Conj/Erth      0%         3d7       77%         3
 Summon Lightning Spire   Summ/Air       0%         N/A       99%         4
 Blade Hands              Tmut           0%         N/A       100%        5
 Excruciating Wounds      Necr           0%         N/A       100%        5
 Storm Form               Tmut/Air       0%         N/A       100%        7
 Maxwell's Capacitive Co  Air            0%         ∞         100%        8


Dungeon Overview and Level Annotations

Branches:
Dungeon (10/15)            Temple (0/1) D:6
   Lair: D:8-11         Orc: D:9-12

Altars:
Cheibriados
Fedhas

Shops:
D:7 [   D:8 (


Innate Abilities, Weirdness & Mutations

You are too large for most types of armour.
You have claws for hands.
Your natural rate of healing is unusually fast.
You are covered in fur. (AC +1)
You have tough skin. (AC +1)


Message History

The skeletal warrior hits you with a +0 war axe!
The skeletal warrior hits you from afar with a +0 halberd.
You mangle the skeletal warrior!!
You destroy the skeletal warrior!
You feel your strength returning.
You feel your dexterity returning.
The skeletal warrior hits you from afar with a +0 halberd.
The skeletal warrior hits you with a +0 halberd!
You closely miss the skeletal warrior. You claw the skeletal warrior!
The skeletal warrior is lightly damaged.
The skeletal warrior hits you with a +0 halberd!!
You mangle the skeletal warrior!!
The skeletal warrior is heavily damaged.
You scratch the skeletal warrior but do no damage.
The skeletal warrior is heavily damaged.
The skeletal warrior misses you.
You scratch the skeletal warrior.
The skeletal warrior is heavily damaged.
The skeletal warrior hits you with a +0 halberd!
You claw the skeletal warrior!
The skeletal warrior is severely damaged.
The skeletal warrior misses you.
The skeletal warrior closely misses you.
You see here 34 sling bullets.
The skeletal warrior hits you from afar with a +0 halberd!
The skeletal warrior hits you from afar with a +0 halberd!!
The skeletal warrior hits you but does no damage.
You claw the skeletal warrior!
The skeletal warrior is heavily damaged.
The skeletal warrior hits you with a +0 halberd!
You completely miss the skeletal warrior.
The skeletal warrior is heavily damaged.
You scratch the skeletal warrior but do no damage.
The skeletal warrior is heavily damaged.
The skeletal warrior hits you with a +0 halberd!!
You claw the skeletal warrior!
The skeletal warrior is severely damaged.
The skeletal warrior hits you with a +0 halberd!!
* * * LOW HITPOINT WARNING * * *
The skeletal warrior hits you from afar with a +0 halberd!
You die...

#(# #.........##.#..# #.#
#########.##.#..# #.#
#.##.#..#
#.##############.##.#..#
#................##z#..####
###############..##.#.....#
........)........##.#.##.##
##########........z.#.##.#
##########.#####@####.##.#
................)[.[.....#
##########.#####.........#
#....#######.##.# ####.#
#.##.# #.# #.##.#
#############.#######.##.##
............>....)........#
#############.#######.#####


You could see a skeletal warrior.

Vanquished Creatures
  2 skeletal warriors (D:9)
  A kobold demonologist (D:10)
  Grinder (D:5)
  Prince Ribbit (D:5)
  The ghost of markar the Stinger, an amateur OpVM (D:5)
  A vampire (D:9)
  Eustachio (D:5)
  Menkaure (D:7)
  4 ice beasts
  A hornet zombie (D:7)
  2 sky beasts
  2 orc warriors
  3 black bears
  2 ogres (D:5)
  4 centaurs
  2 phantoms (D:5)
  2 kobold brigands
  2 bullfrogs
  2 scorpions (D:5)
  A water moccasin zombie (D:5)
  A gnoll sergeant (D:9)
  A killer bee (D:7)
  4 wights (D:9)
  3 howler monkeys (D:7)
  A bullfrog zombie (D:5)
  A gnoll shaman (D:7)
  3 centaur zombies
  A jelly (D:8)
  2 hounds (D:5)
  2 orc priests
  A centaur skeleton (D:4)
  4 iguanas
  7 orc wizards
  A howler monkey skeleton (D:6)
  11 gnolls
  3 adders
  2 ufetubi
  A worm (D:4)
  10 orcs
  2 endoplasms
  2 giant cockroaches (D:1)
  3 jackals (D:3)
  2 goblins
  7 kobolds
111 creatures vanquished.

Vanquished Creatures (others)
  A kobold (D:10)
  18 foxfires (D:5)
19 creatures vanquished.

Grand Total: 130 creatures vanquished

Notes
Turn   | Place    | Note
-------+----------+-------------------------------------------
     0 | D:1      | comborobin the Troll Cinder Acolyte began the quest for the
                  | Orb.
     0 | D:1      | Reached XP level 1. HP: 22/22 MP: 1/1
    54 | D:2      | Reached skill level 1 in Unarmed Combat
    54 | D:2      | Reached XP level 2. HP: 22/29 MP: 2/2
    62 | D:1      | Reached skill level 2 in Unarmed Combat
   186 | D:1      | Reached XP level 3. HP: 32/36 MP: 3/3
   195 | D:2      | Reached skill level 3 in Unarmed Combat
   344 | D:3      | Reached XP level 4. HP: 26/44 MP: 4/4
   365 | D:3      | Reached skill level 4 in Unarmed Combat
   523 | D:4      | Noticed an ice beast
   524 | D:4      | Noticed an ogre
   572 | D:3      | Killed an ice beast
   573 | D:3      | Reached skill level 5 in Unarmed Combat
   573 | D:3      | Reached XP level 5. HP: 23/50 MP: 5/5
   615 | D:3      | You fall into a shaft and drop 3 floors!
   624 | D:6      | Found a staircase to the Ecumenical Temple.
   658 | D:6      | Noticed a centaur
   659 | D:6      | Noticed a centaur
   660 | D:6      | Noticed a centaur
   661 | D:6      | Noticed a centaur
   661 | D:6      | Noticed a centaur
   662 | D:5      | Entered Level 5 of the Dungeon
   662 | D:5      | Noticed an ogre
   666 | D:5      | Noticed Prince Ribbit
   671 | D:5      | Killed an ogre
   672 | D:5      | Reached skill level 6 in Unarmed Combat
   672 | D:5      | Reached XP level 6. HP: 51/59 MP: 6/6
   672 | D:5      | Killed Prince Ribbit
   673 | D:5      | Reached skill level 7 in Unarmed Combat
   673 | D:5      | Reached XP level 7. HP: 59/66 MP: 7/7
   771 | D:5      | Reached skill level 8 in Unarmed Combat
   873 | D:5      | Noticed Eustachio
   893 | D:5      | Killed Eustachio
   894 | D:5      | Reached skill level 9 in Unarmed Combat
   940 | D:5      | Reached XP level 8. HP: 74/74 MP: 8/8
  1008 | D:5      | Noticed Grinder
  1052 | D:5      | Paralysed by Grinder for 2 turns
  1057 | D:5      | Found a runed translucent door.
  1060 | D:5      | Paralysed by Grinder for 6 turns
  1073 | D:5      | Paralysed by Grinder for 2 turns
  1078 | D:5      | Killed Grinder
  1079 | D:5      | Reached skill level 10 in Unarmed Combat
  1132 | D:5      | Noticed markar's ghost (amateur OpVM)
  1355 | D:5      | Reached skill level 11 in Unarmed Combat
  1627 | D:5      | Killed markar's ghost
  1709 | D:6      | Found a blossoming altar of Fedhas.
  1849 | D:7      | Reached XP level 9. HP: 67/80 MP: 9/9
  2092 | D:7      | Found Cheibriados's Comfort Zone.
  2093 | D:7      | Found a snail-covered altar of Cheibriados.
  2231 | D:7      | Noticed Menkaure
  2233 | D:7      | Reached skill level 12 in Unarmed Combat
  2240 | D:7      | Killed Menkaure
  2662 | D:7      | Reached skill level 13 in Unarmed Combat
  2988 | D:8      | Found Xiuqimi's Antique Weapon Shop.
  3432 | D:9      | Reached skill level 14 in Unarmed Combat
  3606 | D:9      | Reached XP level 10. HP: 79/88 MP: 10/10
  4391 | D:10     | Entered Level 10 of the Dungeon
  4397 | D:10     | Noticed a skeletal warrior
  4399 | D:10     | Noticed a skeletal warrior
  4447 | D:9      | Killed a skeletal warrior
  4650 | D:9      | Reached skill level 15 in Unarmed Combat
  4725 | D:10     | Noticed a skeletal warrior
  4747 | D:10     | Noticed a skeletal warrior
  4954 | D:9      | Killed a skeletal warrior
  5040 | D:9      | Slain by a skeletal warrior

Illustrated notes

Levels and vault maps discovered:
D:1:      mrwooster_arrival_statue, layout_rooms,
          hellmonk_ecumenical_altar_the_god_not_taken
D:2:      layout_rooms, basic_altar, serial_rivers,
          chequers_serial_rivers_marsh, chequers_serial_rivers_marsh,
          chequers_serial_rivers_room_a, chequers_serial_rivers_small_3,
          chequers_serial_rivers_small_3
D:3:      minmay_general_purpose_star, layout_basic,
          mainiacjoe_overflow_brackets, uniq_ijyb
D:4:      layout_cave_pools, gammafunk_temple_overflow_claw, trog_butcher_becter
D:5:      layout_basic, gammafunk_ghost_grave, uniq_prince_ribbit1,
          uniq_grinder, uniq_eustachio
D:6:      layout_basic, vehumet_statue, overflow_temple_1_default,
          grunt_qazlal_clouds, lemuel_coloured_pillars_altar,
          minmay_temple_entry_sparse_star, minmay_door_square, centaur_isle,
          uniq_crazy_yiuf_cottage
D:7:      layout_loops_corners, nicolae_concentric_dashed_squares_mild,
          minmay_misc_feat_tiny, minmay_shop_chei, chequers_jeans,
          minmay_misc_feat_iff, grunt_tough_drop, uniq_menkaure
D:8:      layout_basic, serial_shops, nicolae_stop_n_shop_1
D:9:      layout_basic
D:10:     layout_cave_pools, nicolae_overflow_crystal_walls,
          grunt_lair_entry_orc_guard_hut, muffindrake_ghost_dual_entry,
          uniq_maurice

Skill      XL: |  1  2  3  4  5  6  7  8  9 10 |
---------------+-------------------------------+-----
Unarmed Combat | 1 2 3 5 6 7 9 11 14 15 | 15.4
Fighting       | |  2.4
Long Blades    | |  2.4
Spellcasting   | |  1.0
Fire Magic     | |  2.1

Action                   |  1- 3 |  4- 6 |  7- 9 | 10-12 || total
-------------------------+-------+-------+-------+-------++-------
Melee: Unarmed           |    36 |    29 |   223 |    66 ||   354
       Punch             |     1 |     4 |    13 |     6 ||    24
Invok: Foxfire Swarm     |       |     1 |       |       ||     1
       Fiery Armour      |       |     1 |       |       ||     1
Evoke: Wand              |       |       |     2 |     2 ||     4
  Use: Potion            |       |     1 |       |     3 ||     4
       Scroll            |       |       |       |     1 ||     1
Armor: Robe              |    16 |    12 |    70 |    14 ||   112
Dodge: Dodged            |    23 |     8 |    92 |    33 ||   156
